 Dungeon Crawl Stone Soup version 0.21-a0-352-g5b8f553 (webtiles) character file.

29 Dfrag the Firebug (level 3, 21/24 HPs)
             Began as a Demonspawn Fire Elementalist on Oct 11, 2017.
             Quit the game on level 1 of the Dungeon.
             The game lasted 00:00:47 (471 turns).

Dfrag the Firebug (Demonspawn Fire Elementalist)     Turns: 471, Time: 00:00:47

Health: 21/24      AC:  2    Str:  8    XL:     3   Next: 1%
Magic:  1/6        EV: 12    Int: 17    God:
Gold:   41         SH:  0    Dex: 13    Spells: 6/7 levels left

rFire    . . .     SeeInvis .   g - +1 spear (pierce)
rCold    . . .     Gourm    .   (no shield)
rNeg     . . .     Faith    .   a - +0 robe
rPois    .         Spirit   .   (no helmet)
rElec    .         Reflect  .   (no cloak)
rCorr    .         Harm     .   (no gloves)
MR       .....                  (no boots)
Stlth    ++........             (no amulet)
HPRegen  0.08/turn              (no ring)
MPRegen  0.10/turn              (no ring)

@: no status effects
A: claws 1, rot immunity
a: no special abilities


You were on level 1 of the Dungeon.
You were not hungry.

You visited 1 branch of the dungeon, and saw 1 of its levels.

You collected 41 gold pieces.

Inventory:

Hand Weapons
 g - a +1 spear of piercing (weapon)
Armour
 a - a +0 robe (worn)
Scrolls
 d - a scroll of amnesia {unknown}
 e - 2 scrolls of magic mapping {unknown}
 f - 2 scrolls of remove curse {unknown}
 i - 2 scrolls of identify {unknown}
Potions
 h - a potion of heal wounds
 j - 2 potions of brilliance {unknown}
Books
 b - a book of Flames

   Spells                             Type                      Level
   a - Flame Tongue                   Conjuration/Fire             1
   b - Throw Flame                    Conjuration/Fire             2
   c - Conjure Flame                  Conjuration/Fire             3
   d - Inner Flame                    Hexes/Fire                   3
   e - Sticky Flame                   Conjuration/Fire             4
   f - Fireball                       Conjuration/Fire             5
Comestibles
 c - a bread ration
 k - a meat ration


   Skills:
 - Level 1.7 Dodging
 - Level 1.7 Stealth
 + Level 2.5 Spellcasting
 + Level 1.8 Conjurations
 + Level 3.1 Fire Magic


You had 6 spell levels left.
You knew the following spells:

 Your Spells              Type           Power        Failure   Level  Hunger
a - Flame Tongue          Conj/Fire      ##...        7%          1    #......


Dungeon Overview and Level Annotations

Branches:
Dungeon (1/15)

Altars:


Innate Abilities, Weirdness & Mutations

You have sharp fingernails.
You are immune to rotting.


Message History

The jackal completely misses you.
You closely miss the jackal. The jackal bites you.
You closely miss the jackal.
The jackal bites you but does no damage.
The jackal misses you.
You closely miss the jackal. The jackal completely misses you.
You hit the jackal but do no damage.
The jackal bites you but does no damage.
The jackal barely misses you.
You miss the jackal. The jackal closely misses you.
You puncture the jackal!
You kill the jackal!
You have reached level 3!
Your experience leads to an increase in your attributes!
Increase (S)trength, (I)ntelligence, or (D)exterity?
You feel clever.
You feel monstrous as your demonic heritage exerts itself.
Your demonic ancestry asserts itself...
Your fingernails lengthen.
Are you sure you want to abandon this character and quit the game? (Confirm with "yes".)

####.####..........##
#...#####........#
###.# #........##
#.### ########..#
#...# ##.# ###.# #.#
###.# #.# #...# #.#
#@### #.## #K# #..#


lhl ##.# .rK.. #.. ....... ####. ...####.. #.... .... s.! #.... ..... ..# #....
####.... You could see a leopard gecko, a jackal, a giant cockroach (wandering),
2 kobolds, a frilled lizard and a rat.

Vanquished Creatures
  A dart slug (D:1)
  A leopard gecko (D:1)
  3 goblins (D:1)
  2 hobgoblins (D:1)
  6 jackals (D:1)
  3 kobolds (D:1)
  4 bats (D:1)
  A frilled lizard (D:1)
  2 rats (D:1)
23 creatures vanquished.

Notes
Turn   | Place    | Note
-------+----------+-------------------------------------------
     0 | D:1      | Dfrag the Demonspawn Fire Elementalist began the quest for the Orb.
     0 | D:1      | Reached XP level 1. HP: 13/13 MP: 3/3
   125 | D:1      | Gained mutation: You are immune to rotting. [demonic ancestry]
   125 | D:1      | Reached XP level 2. HP: 11/19 MP: 3/5
   368 | D:1      | Reached skill level 3 in Fire Magic
   470 | D:1      | Gained mutation: You have sharp fingernails. [demonic ancestry]
   470 | D:1      | Reached XP level 3. HP: 20/24 MP: 1/6
   471 | D:1      | Quit the game

Vault maps used:
D:1:      minmay_arrival_open_corners

Skill      XL: |  1  2 |
---------------+-------+-----
Fire Magic     | 3 |  3.1
Dodging        | |  1.7
Stealth        | |  1.7
Spellcasting   | |  2.5
Conjurations   | |  1.8

Action                   || total
-------------------------++-------
Melee: Spear             ||    43
 Cast: Flame Tongue      ||    18
  Use: Potion            ||     1
 Stab: Sleeping          ||     1
Armor: Robe              ||    18
Dodge: Dodged            ||    43

Table legend:
 A = Spawn XP
 B = Non-spawn XP
 C = Spawn XP percentage of total XP
 D = Spawn monster count
 E = Non-spawn monster count
 F = Spawn count percentage of total count
 G = Total turns spent on level
                    A         B        C        D         E        F      G
               +---------+---------+-------+---------+---------+-------+---------
         Total |       0 |      42 |   0.0 |       0 |      23 |   0.0 |   471
               +---------+---------+-------+---------+---------+-------+---------
           D:1 |       0 |      42 |   0.0 |       0 |      23 |   0.0 |   471
               +---------+---------+-------+---------+---------+-------+---------
